SR
ELLESMERE ISLAND SNOWPEOPLE @ UNION CITY HILLERS
07/10/2033
 
TOP OF THE 1ST
Ellesmere Island Snowpeople batting - Pitching for Union City Hillers : RHP Sergio Gómez
Pitching: RHP Sergio Gómez
Batting: RHB Magtanggol Florencio 0-0: Ball
1-0: Ball
2-0: Ground out U3 (Groundball, 34)
Batting: RHB Enrique Flores 0-0: Ball
1-0: Called Strike
1-1: Swinging Strike
1-2: Strikes out swinging
Batting: LHB Duncan Witteman 0-0: Ball
1-0: Swinging Strike
1-1: Foul Ball, location: 2F
1-2: Foul Ball, location: 2F
1-2: Ball
2-2: Ball
3-2: Base on Balls
Batting: LHB Basava Puri Pickoff Throw to First - Error! E1
Duncan Witteman to second
0-0: Ball
1-0: Ball
2-0: Ball
3-0: Called Strike
3-1: Foul Ball, location: 2F
3-2: Foul Ball, location: 2F
3-2: Base on Balls
Batting: RHB Héctor Rivera 0-0: Foul Ball, location: 2F
0-1: Called Strike
0-2: Ball
1-2: TRIPLE (Line Drive, 8LXD)
Duncan Witteman scores
Basava Puri scores
Batting: RHB Teok-kyu Pak 0-0: Ball
Wild Pitch!
Héctor Rivera scores
1-0: DOUBLE (Line Drive, 7LD)
Batting: SHB Danny Bird 0-0: Called Strike
0-1: Ball
1-1: Foul Ball, location: 2F
1-2: Ball
2-2: Ground out 4-3 (Groundball, 4M)
Top of the 1st over - 3 runs, 2 hits, 1 error, 1 left on base; Ellesmere Island 3 - Union City 0
BOTTOM OF THE 1ST
Union City Hillers batting - Pitching for Ellesmere Island Snowpeople : LHP Jong-yong Ha
Pitching: LHP Jong-yong Ha
Batting: RHB Arthur Cook 0-0: Ball
1-0: Foul Ball, location: 2F
1-1: Ball
2-1: Foul Ball, location: 2F
2-2: TRIPLE (Line Drive, 8RXD)
Batting: RHB Ken Barger 0-0: Ball
1-0: Called Strike
1-1: Ball
2-1: Fly out, F7 (Flyball, 78M)
Runner from 3rd tags up, OUT at HOME
Batting: LHB Bob Sanders 0-0: Foul Ball, location: 2F
0-1: Ball
1-1: Called Strike
1-2: Foul Ball, location: 2F
1-2: Strikes out looking
Bottom of the 1st over - 0 runs, 1 hit, 0 errors, 0 left on base; Ellesmere Island 3 - Union City 0
TOP OF THE 2ND
Ellesmere Island Snowpeople batting - Pitching for Union City Hillers : RHP Sergio Gómez
Batting: SHB Armond Buonaiuti 0-0: Ball
1-0: Ground out 2-3 (Groundball, 2R)
Batting: RHB César Rivera 0-0: Swinging Strike
0-1: Ball
1-1: Ball
2-1: Called Strike
2-2: Ball
3-2: Strikes out swinging
Batting: RHB Magtanggol Florencio 0-0: Ball
1-0: DOUBLE (Line Drive, 78D)
Batting: RHB Enrique Flores 0-0: Ball
1-0: Called Strike
1-1: Ground out U3 (Groundball, 34)
Top of the 2nd over - 0 runs, 1 hit, 0 errors, 1 left on base; Ellesmere Island 3 - Union City 0
BOTTOM OF THE 2ND
Union City Hillers batting - Pitching for Ellesmere Island Snowpeople : LHP Jong-yong Ha
Batting: RHB Adam Jensson 0-0: Called Strike
0-1: Ball
1-1: DOUBLE (Line Drive, 78M)
Batting: SHB Alejandro Arizméndiz 0-0: Called Strike
0-1: Ground out 4-3 (Groundball, 4S)
Adam Jensson to third
Batting: RHB Hsin Zhou 0-0: Ball
1-0: Fly out, F7 (Flyball, 78M)
Runner from 3rd tags up, SCORES, throw made
Batting: LHB Cesar Baardman 0-0: Fly out, F8 (Flyball, 8LD)
Bottom of the 2nd over - 1 run, 1 hit, 0 errors, 0 left on base; Ellesmere Island 3 - Union City 1
TOP OF THE 3RD
Ellesmere Island Snowpeople batting - Pitching for Union City Hillers : RHP Sergio Gómez
Batting: LHB Duncan Witteman 0-0: Ball
1-0: Called Strike
1-1: Ball
2-1: Ball
3-1: Base on Balls
Batting: LHB Basava Puri 0-0: Called Strike
0-1: Ball
1-1: Swinging Strike
1-2: Ball
2-2: Fielders Choice at 2nd, 4-6 (Groundball, 34)
Batting: RHB Héctor Rivera 0-0: Ball
Basava Puri steals 2nd base
1-0: SINGLE (Flyball, 8RS)
Basava Puri to third
Runner from 3rd tries for Home, SAFE, no throw
Batting: RHB Teok-kyu Pak 0-0: Ball
Throwing error on steal attempt, E2
Héctor Rivera to third
1-0: Foul Ball, location: 2F
1-1: Called Strike
1-2: Foul Ball, location: 2F
1-2: Fly out, F6 (Flyball, 56D)
Batting: SHB Danny Bird 0-0: Called Strike
0-1: Ball
1-1: Swinging Strike
1-2: SINGLE (Groundball, 56D)
Héctor Rivera scores
Batting: SHB Armond Buonaiuti 0-0: Ground out 4-3 (Groundball, 4S)
Top of the 3rd over - 2 runs, 2 hits, 1 error, 1 left on base; Ellesmere Island 5 - Union City 1
BOTTOM OF THE 3RD
Union City Hillers batting - Pitching for Ellesmere Island Snowpeople : LHP Jong-yong Ha
Batting: SHB Ezequiel Oacia 0-0: Called Strike
0-1: Ground out 1-3 (Groundball, P)
Batting: RHB Steffen Jones 0-0: Ball
1-0: Foul Ball, location: 2F
1-1: Ball
2-1: Foul Ball, location: 2F
2-2: Ball
3-2: SINGLE (Flyball, 89S)
Batting: RHB Arthur Cook 0-0: Ball
1-0: Foul Ball, location: 2F
1-1: Grounds into double play, 6-4-3 (Groundball, 6)
Bottom of the 3rd over - 0 runs, 1 hit, 0 errors, 0 left on base; Ellesmere Island 5 - Union City 1
TOP OF THE 4TH
Ellesmere Island Snowpeople batting - Pitching for Union City Hillers : RHP Sergio Gómez
Batting: RHB César Rivera 0-0: Fly out, F8 (Flyball, 8RD)
Batting: RHB Magtanggol Florencio 0-0: Called Strike
0-1: Ball
1-1: Called Strike
1-2: Foul Ball, location: 2F
1-2: Fly out, F8 (Flyball, 8LD)
Batting: RHB Enrique Flores 0-0: Called Strike
0-1: Foul Ball, location: 2F
0-2: Strikes out swinging
Top of the 4th over - 0 runs, 0 hits, 0 errors, 0 left on base; Ellesmere Island 5 - Union City 1
BOTTOM OF THE 4TH
Union City Hillers batting - Pitching for Ellesmere Island Snowpeople : LHP Jong-yong Ha
Batting: RHB Ken Barger 0-0: Ball
1-0: Ball
2-0: Ball
3-0: Called Strike
3-1: Base on Balls
Batting: LHB Bob Sanders 0-0: Ball
1-0: Foul Ball, location: 2F
1-1: Ball
2-1: Foul Ball, location: 2F
2-2: Foul Ball, location: 2F
2-2: Ball
3-2: Foul Ball, location: 2F
3-2: Ground out 4-3 (Groundball, 4MS)
Ken Barger to second
Batting: RHB Adam Jensson 0-0: Ball
1-0: Ball
2-0: DOUBLE (Line Drive, 9LS)
Ken Barger scores
Batting: SHB Alejandro Arizméndiz 0-0: Called Strike
0-1: Ball
1-1: Called Strike
1-2: Ball
2-2: Foul Ball, location: 2F
2-2: Fly out, F7 (Flyball, 7LS)
Batting: RHB Hsin Zhou 0-0: Called Strike
0-1: Ball
1-1: SINGLE (Line Drive, 56D)
Adam Jensson to third
Runner from 3rd tries for Home, throw and OUT!
Bottom of the 4th over - 1 run, 2 hits, 0 errors, 1 left on base; Ellesmere Island 5 - Union City 2
TOP OF THE 5TH
Ellesmere Island Snowpeople batting - Pitching for Union City Hillers : RHP Sergio Gómez
Batting: LHB Duncan Witteman 0-0: Ball
1-0: Fly out, F7 (Flyball, 78S)
Batting: LHB Basava Puri 0-0: Ground out U3 (Groundball, 3)
Batting: RHB Héctor Rivera 0-0: Ball
1-0: Fly out, F8 (Flyball, 78M)
Top of the 5th over - 0 runs, 0 hits, 0 errors, 0 left on base; Ellesmere Island 5 - Union City 2
BOTTOM OF THE 5TH
Union City Hillers batting - Pitching for Ellesmere Island Snowpeople : LHP Jong-yong Ha
Batting: LHB Cesar Baardman 0-0: Ball
1-0: Foul Ball, location: 2F
1-1: Swinging Strike
1-2: Ball
2-2: Foul Ball, location: 2F
2-2: Strikes out swinging
Batting: SHB Ezequiel Oacia 0-0: Called Strike
0-1: Ball
1-1: Ball
2-1: Foul Ball, location: 2F
2-2: Fly out, F9 (Flyball, 9S)
Batting: RHB Steffen Jones 0-0: Called Strike
0-1: Ball
1-1: SINGLE (Line Drive, 8RS)
Batting: RHB Arthur Cook 0-0: Ball
1-0: Ball
2-0: Ball
3-0: Called Strike
3-1: Foul Ball, location: 2F
3-2: Ground out 6-3 (Groundball, 6)
Bottom of the 5th over - 0 runs, 1 hit, 0 errors, 1 left on base; Ellesmere Island 5 - Union City 2
TOP OF THE 6TH
Ellesmere Island Snowpeople batting - Pitching for Union City Hillers : RHP Sergio Gómez
Batting: RHB Teok-kyu Pak 0-0: Ball
1-0: Called Strike
1-1: Ball
2-1: Foul Ball, location: 2F
2-2: Ground out 4-3 (Groundball, 4M)
Batting: SHB Danny Bird 0-0: Ball
1-0: Ground out 5-3 (Groundball, 5)
Batting: SHB Armond Buonaiuti 0-0: Ball
1-0: SINGLE (Groundball, 34S) (infield hit)
Batting: RHB César Rivera 0-0: Called Strike
0-1: Ball
1-1: Ball
Armond Buonaiuti steals 2nd base
2-1: Fly out, F4 (Flyball, 4D)
Top of the 6th over - 0 runs, 1 hit, 0 errors, 1 left on base; Ellesmere Island 5 - Union City 2
BOTTOM OF THE 6TH
Union City Hillers batting - Pitching for Ellesmere Island Snowpeople : LHP Jong-yong Ha
Batting: RHB Ken Barger 0-0: Ball
1-0: Called Strike
1-1: Fly out, F7 (Line Drive, 7)
Pitching: RHP Ipe de Deugd
Batting: LHB Bob Sanders 0-0: Ball
1-0: Swinging Strike
1-1: Swinging Strike
1-2: Ball
2-2: Foul Ball, location: 2F
2-2: Ball
3-2: Foul Ball, location: 2F
3-2: Foul Ball, location: 2F
3-2: Foul Ball, location: 2F
3-2: Ground out 5-3 (Groundball, 56)
Batting: RHB Adam Jensson 0-0: Ball
1-0: Swinging Strike
1-1: Fly out, F9 (Line Drive, 9)
Bottom of the 6th over - 0 runs, 0 hits, 0 errors, 0 left on base; Ellesmere Island 5 - Union City 2
TOP OF THE 7TH
Ellesmere Island Snowpeople batting - Pitching for Union City Hillers : RHP Sergio Gómez
Batting: RHB Magtanggol Florencio 0-0: Called Strike
0-1: Ground out 4-3 (Groundball, 4M)
Batting: RHB Enrique Flores 0-0: Ball
1-0: Foul Ball, location: 2F
1-1: Called Strike
1-2: Strikes out looking
Batting: LHB Duncan Witteman 0-0: Ball
1-0: Foul Ball, location: 2F
1-1: Swinging Strike
1-2: Ball
2-2: Ground out 4-3 (Groundball, 34)
Top of the 7th over - 0 runs, 0 hits, 0 errors, 0 left on base; Ellesmere Island 5 - Union City 2
BOTTOM OF THE 7TH
Union City Hillers batting - Pitching for Ellesmere Island Snowpeople : RHP Ipe de Deugd
Batting: SHB Alejandro Arizméndiz 0-0: Ball
1-0: Ball
2-0: Ground out 6-3 (Groundball, 6)
Batting: RHB Hsin Zhou 0-0: Called Strike
0-1: Ball
1-1: Ground out 6-3 (Groundball, 6)
Batting: LHB Cesar Baardman 0-0: Called Strike
0-1: Foul Ball, location: 2F
0-2: Ball
1-2: Strikes out swinging
Bottom of the 7th over - 0 runs, 0 hits, 0 errors, 0 left on base; Ellesmere Island 5 - Union City 2
TOP OF THE 8TH
Ellesmere Island Snowpeople batting - Pitching for Union City Hillers : RHP Sergio Gómez
Batting: LHB Basava Puri 0-0: Ball
1-0: Ball
2-0: Ball
3-0: Called Strike
3-1: SINGLE (Flyball, 8LS)
Pitching: RHP Cutter Dylas
Batting: RHB Héctor Rivera 0-0: Foul Ball, location: 2F
0-1: Called Strike
0-2: Strikes out swinging
Batting: RHB Teok-kyu Pak 0-0: Called Strike
Basava Puri is caught stealing 2nd base
0-1: Fly out, F8 (Flyball, 8RS)
Top of the 8th over - 0 runs, 1 hit, 0 errors, 0 left on base; Ellesmere Island 5 - Union City 2
BOTTOM OF THE 8TH
Union City Hillers batting - Pitching for Ellesmere Island Snowpeople : RHP Ipe de Deugd
Batting: SHB Ezequiel Oacia 0-0: Ball
1-0: Ball
2-0: Foul Ball, location: 2F
2-1: Foul Ball, location: 2F
2-2: Strikes out swinging
Batting: RHB Steffen Jones 0-0: Called Strike
0-1: Foul Ball, location: 2F
0-2: Ball
1-2: Strikes out swinging
Batting: RHB Arthur Cook 0-0: Ball
1-0: Foul Ball, location: 2F
1-1: Called Strike
1-2: Ball
2-2: Ball
3-2: Strikes out looking
Bottom of the 8th over - 0 runs, 0 hits, 0 errors, 0 left on base; Ellesmere Island 5 - Union City 2
TOP OF THE 9TH
Ellesmere Island Snowpeople batting - Pitching for Union City Hillers : RHP Cutter Dylas
Batting: SHB Danny Bird 0-0: Ball
1-0: Ground out 3-1 (Groundball, 34)
Batting: SHB Armond Buonaiuti 0-0: Called Strike
0-1: Ball
1-1: Foul Ball, location: 2F
1-2: Ball
2-2: Strikes out swinging
Batting: RHB César Rivera 0-0: Foul Ball, location: 2F
0-1: Foul Ball, location: 2F
0-2: Foul Ball, location: 2F
0-2: Strikes out looking
Top of the 9th over - 0 runs, 0 hits, 0 errors, 0 left on base; Ellesmere Island 5 - Union City 2
BOTTOM OF THE 9TH
Union City Hillers batting - Pitching for Ellesmere Island Snowpeople : RHP Ipe de Deugd
Batting: RHB Ken Barger 0-0: Called Strike
0-1: Ball
1-1: Foul Ball, location: 2F
1-2: Ball
2-2: Foul Ball, location: 2F
2-2: SINGLE (Line Drive, 89S)
Batting: LHB Bob Sanders 0-0: Ball
1-0: Called Strike
1-1: Ball
2-1: Foul Ball, location: 2F
2-2: Foul Ball, location: 2F
2-2: Fly out, F7 (Line Drive, 78M)
Batting: RHB Adam Jensson 0-0: Ball
1-0: Swinging Strike
1-1: Called Strike
1-2: Ball
2-2: DOUBLE (Line Drive, 7LM)
Ken Barger to third
Batting: SHB Alejandro Arizméndiz 0-0: Ball
1-0: Foul Ball, location: 2F
1-1: Fly out, F9 (Flyball, 9D)
Runner from 3rd tags up, SCORES, no throw
Adam Jensson to third
Batting: RHB Hsin Zhou 0-0: Foul Ball, location: 2F
0-1: Foul Ball, location: 2F
0-2: Ball
1-2: Ball
2-2: Strikes out looking
Bottom of the 9th over - 1 run, 2 hits, 0 errors, 1 left on base; Ellesmere Island 5 - Union City 3
Saturday, December 22nd, 2018 - OOTP Baseball 18.8 Build 76